 Dungeon Crawl Stone Soup version 0.27-a0-760-gc38aae387d (webtiles) character file.

Game seed: 10783323348257423532

799 klexidor the Skirmisher (level 7, -4/62 HPs)
             Began as a Minotaur Berserker on Mar 25, 2021.
             Was a Believer of Trog.
             Slain by an ogre
             ... wielding a +0 giant club
              (15 damage)
             ... on level 5 of the Dungeon.
             The game lasted 00:14:39 (2870 turns).

klexidor the Skirmisher (Minotaur Berserker)        Turns: 2870, Time: 00:14:39

Health: -4/62      AC:  6    Str: 24    XL:     7   Next: 59%
Magic:  6/6        EV: 12    Int:  4    God:    Trog [**....]
Gold:   89         SH:  0    Dex:  9    Spells: 6/6 levels left

rFire    . . .     SeeInvis .   q - +3 quarterstaff (chaos)
rCold    . . .     Faith    .   (shield currently unavailable)
rNeg     . . .     Spirit   .   d - +0 ring mail
rPois    .         Reflect  .   (helmet restricted)
rElec    .         Harm     .   y - scarf {+Inv}
rCorr    .         Rampage  .   (no gloves)
Will     .....                  (no boots)
Stlth    ..........             (no amulet)
HPRegen  0.20/turn              (no ring)
MPRegen  0.10/turn              (no ring)

@: no status effects
A: horns 2, retaliatory headbutt
a: Renounce Religion, Evoke Invisibility, Berserk, Trog's Hand


You were on level 5 of the Dungeon.
You worshipped Trog.
Trog was pleased with you.
You visited 1 branch of the dungeon, and saw 5 of its levels.

You collected 89 gold pieces.

Inventory:

Hand Weapons
 a - a +0 hand axe
 e - a +0 dagger
 i - a +0 dagger
 j - a +0 short sword
 n - a +0 whip
 o - a +0 flail
 q - a +3 quarterstaff of chaos (weapon)
 s - a +0 mace
 x - a +0 long sword
Missiles
 f - 26 stones (quivered)
 h - 58 arrows
 p - 6 atropa-tipped darts
Armour
 b - a +0 animal skin
 d - a +0 ring mail (worn)
 k - a +0 robe
 r - a +0 cloak
 y - a scarf of invisibility (worn)
Wands
 A - a wand of paralysis (6)
Scrolls
 c - a scroll of vulnerability
 g - a scroll of blinking {unknown}
 m - a scroll of noise {unknown}
 z - a scroll of teleportation {unknown}
Potions
 l - a potion of attraction {unknown}
 t - a potion of mutation {unknown}
 u - a potion of heal wounds {unknown}
 v - a potion of brilliance {unknown}
 w - a potion of might {unknown}


   Skills:
 + Level 5.8 Fighting
 - Level 4.6 Axes
 * Level 5.5 Staves
 + Level 5.1 Armour
 + Level 4.6 Dodging


You had 6 spell levels left.
You didn't know any spells.
Your spell library was empty.

Dungeon Overview and Level Annotations

Branches:
Dungeon (5/15)
 Temple: D:4-7

Altars:
Yredelemnul


Innate Abilities, Weirdness & Mutations

You have a pair of horns on your head.
You reflexively headbutt those who attack you in melee.


Message History

You kill the gnoll!
Trog accepts your kill.
The centaur unwields a +0 shortbow.
The centaur hits you but does no damage.
The centaur misses you.
You sock the centaur! You burn the centaur. Your headbutt misses the centaur.
The centaur is severely wounded.
The centaur closely misses you. You furiously retaliate!
You headbutt the centaur.
The centaur kicks you but does no damage.
The centaur hits you but does no damage.
The centaur kicks you but does no damage.
You sock the centaur!
You kill the centaur!
Trog accepts your kill.
You hit the water moccasin skeleton.
Your headbutt misses the water moccasin skeleton.
The water moccasin skeleton is lightly damaged.
The water moccasin skeleton misses you. The ogre barely misses you.
The water moccasin skeleton bites you but does no damage.
You sock the water moccasin skeleton!
The water moccasin skeleton convulses.
You headbutt the water moccasin skeleton.
The water moccasin skeleton is severely damaged.
The ogre hits you with a +0 giant club!!
* * * LOW HITPOINT WARNING * * *
The water moccasin skeleton closely misses you.
You hit the water moccasin skeleton.
The water moccasin skeleton is severely damaged.
The ogre barely misses you.
The water moccasin skeleton barely misses you.
You hit the water moccasin skeleton.
The water moccasin skeleton is severely damaged.
The water moccasin skeleton closely misses you.
The ogre barely misses you.
You hit the water moccasin skeleton. You burn the water moccasin skeleton.
The water moccasin skeleton is almost destroyed.
The water moccasin skeleton bites you!
* * * LOW HITPOINT WARNING * * *
The ogre hits you with a +0 giant club!
You die...

..#...##
......
#...#
#...#
#..<#
#..###
#...)#
##.#Z#
.^.#@#
.....#O#
...$..##!#
...... ..#
.........#
.....O..##
.... .....
......


You could see an ogre and a water moccasin skeleton.

Vanquished Creatures
  The ghost of banchobear the Skirmisher, an amateur NaGl of Cheibriados (D:4)
  Grinder (D:4)
  A centaur (D:5)
  A bullfrog zombie (D:4)
  Crazy Yiuf (D:2)
  A gnoll shaman (D:5)
  Terence (D:3)
  2 worker ants (D:4)
  A hound zombie (D:4)
  A hound skeleton (D:4)
  3 gnolls (D:5)
  3 adders
  A worm (D:4)
  2 dart slugs (D:1)
  2 bats
  7 endoplasms
  5 goblins
  2 hobgoblins
  A jackal (D:4)
  2 quokkas
  6 ball pythons
  5 frilled lizards
  4 kobolds
  2 rats (D:1)
56 creatures vanquished.

Vanquished Creatures (others)
  4 fungi (D:2)
  11 plants
15 creatures vanquished.

Grand Total: 71 creatures vanquished

Notes
Turn   | Place    | Note
-------+----------+-------------------------------------------
     0 | D:1      | klexidor the Minotaur Berserker began the quest for the
                  | Orb.
     0 | D:1      | Reached XP level 1. HP: 19/19 MP: 0/0
   636 | D:1      | Reached XP level 2. HP: 27/27 MP: 1/1
  1083 | D:2      | Reached XP level 3. HP: 33/33 MP: 2/2
  1167 | D:2      | Found a runed translucent door.
  1168 | D:2      | Noticed Crazy Yiuf
  1177 | D:2      | Killed Crazy Yiuf
  1428 | D:2      | Reached XP level 4. HP: 37/40 MP: 3/3
  1466 | D:2      | You fall into a shaft and drop 1 floor!
  1765 | D:3      | Noticed Terence
  1769 | D:3      | Killed Terence
  1770 | D:3      | Reached skill level 1 in Staves
  1929 | D:3      | Reached ** piety under Trog
  1947 | D:4      | Noticed Grinder
  1963 | D:4      | Killed Grinder
  1964 | D:4      | Reached skill level 5 in Fighting
  1964 | D:4      | Reached XP level 5. HP: 36/48 MP: 4/4
  1964 | D:4      | Reached XP level 6. HP: 42/56 MP: 5/5
  2502 | D:4      | Found a runed translucent gate.
  2502 | D:4      | Found a runed translucent gate.
  2502 | D:4      | Found a runed translucent gate.
  2502 | D:4      | Noticed banchobear's ghost (amateur NaGl)
  2515 | D:4      | Found a basalt altar of Yredelemnul.
  2535 | D:4      | Killed banchobear's ghost
  2536 | D:4      | Reached skill level 5 in Staves
  2536 | D:4      | Reached XP level 7. HP: 27/61 MP: 6/6
  2841 | D:5      | Entered Level 5 of the Dungeon
  2859 | D:5      | Reached skill level 5 in Armour
  2870 | D:5      | Slain by an ogre

Illustrated notes

Levels and vault maps discovered:
D:1:      kennysheep_arrival_seaside, layout_basic, hex_medium
D:2:      layout_basic, nicolae_ashenzari_skybound, uniq_crazy_yiuf_cottage,
          uniq_natasha
D:3:      corexii_shack_village, layout_loops_ring, uniq_terence
D:4:      layout_rooms, nicolae_yredelemnul_ghost_church, lemuel_round_altar,
          minmay_pentomino_pile, uniq_grinder, uniq_edmund
D:5:      wad_lake_hut, layout_basic, nicolae_overflow_crystal_walls,
          nicolae_ossuary_entry_giza

Skill      XL: |  1  2  3  4  5  6  7 |
---------------+----------------------+-----
Axes           | 4 |  4.6
Fighting       | 4 5 |  5.8
Armour         | 3 4 5 |  5.1
Dodging        | 3 4 |  4.6
Staves         | 3 5 |  5.5

Action                   |  1- 3 |  4- 6 |  7- 9 || total
-------------------------+-------+-------+-------++-------
Melee: Hand axe          |    77 |       |       ||    77
       Headbutt          |    23 |    25 |     4 ||    52
       Quarterstaff      |     2 |    76 |    15 ||    93
Throw: Stone             |     2 |       |       ||     2
Invok: Berserk           |       |     1 |       ||     1
  Use: Scroll            |     1 |       |       ||     1
 Stab: Paralysed         |       |     2 |       ||     2
Armor: Ring mail         |     8 |    27 |     7 ||    42
       Animal skin       |     1 |       |       ||     1
Dodge: Dodged            |    20 |    35 |    20 ||    75

Table legend: (Time is in decaauts)
 A = Elapsed time spent in this place.
 B = Non-inter-level travel time spent in this place.
 C = Inter-level travel time spent in this place.
 D = Time resting spent in this place.
 E = Time spent auto-exploring this place.
 F = Levels seen in this place.
 G = Mean time per level.
                   A        B        C        D        E       F      G
               +--------+--------+--------+--------+--------+-----+--------+
         Total |   2903 |   2903 |      0 |   1441 |    299 |   5 |  580.6 |
       Dungeon |   2903 |   2903 |      0 |   1441 |    299 |   5 |  580.6 |
               +--------+--------+--------+--------+--------+-----+--------+

Top non-repeatable levels by time:
     D:1: 1061 daAuts
     D:4: 899 daAuts
     D:3: 500 daAuts
     D:2: 412 daAuts
     D:5: 29 daAuts
